Map: Lost and Found LE

Players

axu - Winner!

  • Race: Protoss Protoss
  • League: Platinum
  • Spawn Location: 1:00

SCIPIO

  • Race: Protoss Protoss
  • League: Diamond
  • Spawn Location: 7:00

VOD

Have the link to the VOD?

Description

Time

  • Played on: May 21, 2018, 10:20 a.m.
  • Length: 13:34
Show
View Real Time Build Order
Export as new Build Order

axu Protoss - Winner!

Build Orders: 1 Gate Expand 

Get SALT Encoding   

  12  0:01  Probe  
  13  0:13  Probe  
  14  0:23  Pylon  
  14  0:25  Probe  
  15  0:41  Probe  
  16  0:45  Gateway  
  16  0:49  Probe  
  16  0:55  Assimilator  
  17  0:57  Probe  
  18  1:13  Probe  
  19  1:26  Assimilator  
  19  1:42  Nexus  
  19  1:47  Cybernetics Core  
  19  1:52  Probe  
  20  1:57  Gateway  
  20  2:12  Probe  
  21  2:20  Probe  
  21  2:25  Robotics Facility  
  21  2:29  Probe  
  23  2:47  Stalker  
  23  2:48  Pylon  
  23  2:51  Warp Gate  
  23  2:53  Probe  
  23  2:54  Probe  
  29  3:05  Probe  
  29  3:06  Probe  
  31  3:14  Shield Battery  
  31  3:19  Pylon  
  31  3:25  Stalker  
  31  3:30  Stalker  
  31  3:31  Pylon  
  32  3:38  Shield Battery  
  32  3:42  Probe  
  33  3:53  Immortal  
  33  3:54  Probe, Pylon  
  34  4:06  Probe  
  34  4:09  Probe  
  38  4:19  Probe  
  38  4:21  Probe  
  33  4:28  Stalker  
  33  4:31  Probe  
  35  4:41  Pylon  
  35  4:43  Probe x2  
  37  4:55  Probe x2  
  39  5:00  Shield Battery  
  34  5:39  Immortal  
  34  5:42  Gateway  
  34  5:43  Gateway  
  34  5:46  Gateway  
  36  5:50  Stalker  
  32  6:05  Probe x2  
  34  6:13  Probe x2  
  34  6:17  Stalker  
  38  6:22  Probe  
  38  6:23  Probe  
  40  6:35  Probe x2  
  42  6:42  Stalker x3  
  42  6:43  Stalker  
  44  6:51  Immortal  
  40  7:05  Probe x2  
  42  7:09  Shield Battery  
  42  7:17  Stalker, Probe x2  
  46  7:24  Immortal  
  48  7:49  Stalker x2  
  48  7:50  Stalker x2  
  48  8:01  Immortal  
  46  8:12  Probe x2  
  50  8:18  Assimilator  
  50  8:20  Probe  
  50  8:21  Assimilator  
  50  8:24  Probe  
  50  8:27  Stalker x2  
  54  8:28  Probe  
  57  8:36  Probe  
  52  8:54  Immortal  
  52  8:55  Stalker x3  
  62  9:06  Pylon  
  62  9:08  Pylon  
  61  9:29  Stalker x2  
  61  9:30  Stalker x2  
  69  9:51  Pylon  
  69  9:56  Stalker x3  
  69  9:57  Stalker  
  77  10:11  Nexus  
  77  10:12  Pylon  
  77  10:16  Pylon  
  77  10:21  Stalker x3  
  57  12:06  Stalker x4  
  65  12:12  Probe x2  
  67  12:18  Assimilator  
  67  12:24  Assimilator, Probe x2  
  67  12:26  Gateway  
  67  12:29  Stalker x2, Gateway  
  73  12:30  Stalker x2  
  73  12:32  Gateway  
  77  12:37  Probe x2  
  79  12:49  Probe  
Show
View Real Time Build Order
Export as new Build Order

SCIPIO Protoss 

Build Orders: Oracle Opening 

Get SALT Encoding   

  12  0:02  Probe  
  14  0:16  Pylon  
  14  0:19  Probe  
  14  0:31  Probe  
  14  0:35  Gateway  
  15  0:43  Assimilator  
  15  0:45  Probe  
  16  0:52  Assimilator  
  17  0:57  Probe  
  17  1:07  Gateway  
  17  1:17  Probe  
  18  1:29  Probe  
  18  1:32  Cybernetics Core  
  19  1:44  Probe  
  20  1:54  Pylon  
  20  1:56  Probe  
  20  1:58  Stalker  
  21  2:02  Stalker  
  21  2:03  Warp Gate  
  25  2:21  Pylon  
  25  2:32  Stargate  
  25  2:41  Shield Battery  
  25  2:47  Shield Battery  
  25  2:54  Stalker  
  27  3:05  Oracle  
  27  3:15  Gateway  
  30  3:43  Oracle  
  33  4:00  Pylon  
  33  4:11  Oracle  
  33  4:18  Stalker  
  38  4:32  Stalker  
  40  4:42  Zealot x2  
  44  4:52  Nexus  
  44  5:29  Sentry  
  42  5:52  Stalker x2  
  42  5:53  Stalker  
  41  6:04  Pylon  
  41  6:05  Probe  
  41  6:06  Probe  
  43  6:17  Robotics Facility  
  43  6:18  Gateway, Probe x2  
  45  6:21  Gateway  
  45  6:29  Sentry x2  
  45  6:30  Probe x2  
  49  6:42  Probe  
  44  6:47  Stalker  
  40  6:57  Probe x2  
  40  6:59  Stalker x2  
  46  7:06  Probe  
  46  7:08  Probe  
  46  7:09  Warp Prism  
  46  7:15  Probe  
  51  7:23  Stalker x2  
  53  7:36  Stalker  
  53  7:46  Stalker  
  47  8:04  Stalker x2  
  47  8:21  Probe x2  
  47  8:24  Assimilator  
  49  8:28  Stalker x2, Assimilator  
  51  8:34  Nexus  
  51  8:37  Pylon  
  51  8:38  Pylon  
  51  8:40  Stalker  
  41  8:57  Zealot x2  
  41  8:58  Zealot  
  46  9:03  Immortal  
  46  9:05  Probe x2  
  52  9:26  Void Ray  
  50  9:33  Pylon  
  50  9:35  Gateway  
  50  9:38  Probe  
  51  9:39  Pylon  
  51  9:41  Immortal  
  55  9:46  Pylon  
  59  9:59  Shield Battery  
  59  10:03  Probe  
  59  10:04  Shield Battery  
  59  10:05  Probe  
  61  10:10  Stalker  
  63  10:19  Immortal  
  67  10:23  Stalker  
  67  10:24  Stalker  
  69  10:41  Void Ray  
  53  10:42  Stalker  
  53  10:43  Stalker  
  50  11:03  Sentry  
  43  11:04  Adept x2  
  46  11:12  Immortal  
  46  11:35  Zealot  
  46  11:40  Zealot  
  37  11:58  Void Ray  
  29  12:12  Sentry  
  31  12:25  Pylon  
  31  12:38  Pylon  
  31  12:49  Zealot  
  31  12:50  Zealot  
  35  13:03  Stalker  
  33  13:07  Sentry  
Tags
 
Add a new tag
Caveats
  • Supply blocks, unpowered buildings, or Contaminate may cause inaccurate times.
  • Supply counts are checked every 10 seconds.